AoeStats
← 雾鸦

Arena

504301620Analyzed
4v4 RM · 29d ago on Sep 4, 2026· 67m 49s· 8 players
Game mode
Random Map
Map size
Large (8 player)
Population
200
Speed
Normal
Resources
Standard
Victory
Conquest
Starting age
Dark Age
Ending age
Imperial Age
RankedLock teamsTeams togetherTeam positionsShared explorationLock speedFull tech treeHidden civsTurbo modeCheats
Victory
Defeat
🇨🇦 Wu · Canada
1173
+14
🇺🇸 Burgundians · United States
1149
+15
🇺🇸 Italians · United States
1136
+16
🇨🇦 Inca · Canada
1131
+16
🇬🇧 Mongols · United Kingdom
1209
-19
🇫🇷 Poles · France
1118
-15
🇵🇪 Spanish · Peru
1109
-14
🇨🇳 Koreans · China
1074
-13
daxbordeaux
10:44 Feudal Age
10:25 Loom
11:22 Double-Bit Axe
11:49 Horse Collar
14:52 Castle Age
15:47 Wheelbarrow
22:36 Fletching
27:13 Imperial Age
25:32 Bodkin Arrow
26:15 Padded Archer Armor
26:16 Scale Mail Armor
27:26 Leather Archer Armor
29:48 Chemistry
29:46 Conscription
29:32 Bracer
29:48 Chain Mail Armor
33:03 Ring Archer Armor
34:05 Ballistics
35:07 Plate Mail Armor
35:54 Fortified Wall
35:17 Elite Genoese Crossbowman
36:05 Heavy Plow
37:13 Forging
39:10 Thumb Ring
39:50 Bow Saw
41:58 Bombard Tower
44:45 Two-Man Saw
43:50 Caravan
47:04 Iron Casting
47:57 Guilds
52:38 Coinage
59:35 Blast Furnace
61:35 Pirotechnia
66:58 Capped Ram
GR4Y_BE4RD
11:17 Feudal Age
12:33 Double-Bit Axe
14:59 Castle Age
12:47 Horse Collar
14:22 Champi Runner
15:09 Scale Mail Armor
16:16 Bow Saw
16:13 Champi Warrior
16:54 Squires
18:48 Heavy Plow
21:14 Town Watch
21:46 Loom
24:56 Wheelbarrow
25:10 Chain Mail Armor
26:07 Hand Cart
26:11 Fletching
25:50 Elite Skirmisher
26:35 Thumb Ring
29:18 Gold Mining
32:50 Imperial Age
30:46 Forging
31:28 Andean Sling
31:36 Padded Archer Armor
32:07 Bodkin Arrow
33:08 Redemption
33:18 Sanctity
34:01 Iron Casting
33:55 Bracer
35:00 Elite Champi Warrior
35:16 Pikeman
38:29 Plate Mail Armor
38:59 Ballistics
39:00 Halberdier
42:47 Leather Archer Armor
43:33 Blast Furnace
49:08 Ring Archer Armor
57:49 Arson
MapleMilk0_0
4:54 Loom
5:16 Double-Bit Axe
7:27 Horse Collar
13:34 Feudal Age
12:56 Gold Mining
17:11 Castle Age
15:27 Bow Saw
15:58 Heavy Plow
20:11 Wheelbarrow
22:10 Husbandry
23:05 Town Watch
23:16 Cavalier
24:46 Crop Rotation
26:01 Forging
25:57 Scale Barding Armor
27:04 Hand Cart
27:33 Iron Casting
28:16 Gold Shaft Mining
28:28 Stone Mining
29:48 Two-Man Saw
29:03 Town Patrol
30:00 Burgundian Vineyards
32:45 Imperial Age
32:04 Chain Barding Armor
34:39 Blast Furnace
33:08 Paladin
34:40 Conscription
35:59 Stone Shaft Mining
34:59 Light Cavalry
35:15 Elite Coustillier
36:37 Plate Barding Armor
36:06 Hussar
54:28 Coinage
60:46 Squires
60:31 Arson
60:55 Scale Mail Armor
60:46 Fletching
Testing_123
10:51 Feudal Age
14:59 Castle Age
12:49 Double-Bit Axe
13:31 Horse Collar
14:04 Gold Mining
16:45 Bow Saw
17:13 Loom
23:06 Wheelbarrow
25:56 Hand Cart
27:23 Heavy Plow
30:39 Imperial Age
29:05 Gold Shaft Mining
28:10 Pikeman
28:51 Squires
29:15 Scale Mail Armor
29:26 Forging
29:54 Elite Skirmisher
30:54 Chain Mail Armor
31:33 Ballistics
30:54 Halberdier
32:39 Plate Mail Armor
32:45 Iron Casting
32:44 Conscription
32:26 Town Watch
33:54 Bloodlines
33:45 Husbandry
33:42 Light Cavalry
36:47 Hussar
39:15 Fletching
39:26 Padded Archer Armor
40:28 Chemistry
43:12 Blast Furnace
42:08 Bodkin Arrow
42:29 Leather Archer Armor
43:49 Scale Barding Armor
45:05 Masonry
44:57 Bracer
48:58 Chain Barding Armor
50:20 Plate Barding Armor
55:09 Architecture
math-hbcn
11:06 Feudal Age
15:04 Castle Age
14:54 Horse Collar
15:01 Double-Bit Axe
17:26 Loom
21:51 Wheelbarrow
21:55 Stone Mining
22:07 Heavy Plow
24:34 Gold Mining
29:30 Imperial Age
27:18 Scale Barding Armor
28:44 Szlachta Privileges
28:56 Bloodlines
28:47 Husbandry
29:38 Chain Barding Armor
29:29 Forging
30:35 Hand Cart
30:06 Cavalier
31:43 Light Cavalry
33:28 Iron Casting
34:52 Stone Shaft Mining
35:21 Blast Furnace
34:12 Fletching
34:44 Ballistics
35:24 Chemistry
34:35 Masonry
35:15 Winged Hussar
36:16 Town Watch
36:50 Bow Saw
37:28 Conscription
37:30 Lechitic Legacy
38:09 Crossbowman
38:54 Thumb Ring
38:48 Bodkin Arrow
38:53 Padded Archer Armor
39:26 Arbalester
39:52 Treadmill Crane
41:05 Bracer
41:20 Leather Archer Armor
46:45 Pikeman
47:26 Squires
Yisus Patitas Suaves
10:31 Feudal Age
14:35 Castle Age
12:40 Double-Bit Axe
13:23 Horse Collar
20:55 Stone Mining
21:55 Bow Saw
21:35 Loom
22:25 Wheelbarrow
22:55 Wheelbarrow
23:45 Heavy Plow
24:59 Hand Cart
24:29 Town Watch
24:43 Gold Mining
28:47 Imperial Age
27:07 Stone Shaft Mining
27:04 Ballistics
26:47 Squires
26:46 Fletching
27:19 Town Patrol
27:18 Gambesons
27:26 Arson
28:07 Bodkin Arrow
28:12 Padded Archer Armor
28:19 Scale Barding Armor
28:41 Inquisition
28:56 Bloodlines
28:47 Husbandry
29:38 Leather Archer Armor
29:24 Scale Mail Armor
28:53 Cavalier
30:14 Chain Barding Armor
30:04 Forging
30:10 Bracer
30:55 Conscription
30:56 Chain Mail Armor
31:18 Paladin
34:20 Chemistry
34:45 Two-Man Saw
35:52 Iron Casting
35:52 Plate Barding Armor
36:44 Ring Archer Armor
37:33 Blast Furnace
38:32 Plate Mail Armor
40:46 Pikeman
49:35 Halberdier
57:15 Thumb Ring
56:57 Elite Skirmisher
57:04 Light Cavalry
60:15 Hussar
happytony2009
10:48 Feudal Age
12:59 Double-Bit Axe
12:56 Horse Collar
15:48 Castle Age
15:13 Wheelbarrow
16:44 Bow Saw
17:10 Heavy Plow
17:59 Hand Cart
21:33 Gold Mining
21:34 Stone Mining
23:19 Stone Shaft Mining
29:04 Imperial Age
27:01 Loom
28:00 Gold Shaft Mining
28:06 Ballistics
27:57 Fortified Wall
27:43 Murder Holes
27:58 Masonry
28:38 Fletching
28:54 Scale Barding Armor
28:50 Padded Archer Armor
28:50 Scale Mail Armor
29:01 Forging
29:22 Bloodlines
28:32 Light Cavalry
29:13 Husbandry
29:32 Capped Ram
30:35 Drill
30:35 Conscription
30:33 Siege Ram
31:47 Heavy Camel Rider
33:34 Chemistry
32:33 Bodkin Arrow
32:54 Leather Archer Armor
33:13 Parthian Tactics
33:07 Hussar
33:50 Heavy Scorpion
35:17 Bracer
35:40 Chain Barding Armor
35:56 Iron Casting
35:36 Elite Mangudai
39:44 Blast Furnace
39:36 Hoardings
41:33 Thumb Ring
43:14 Siege Engineers
44:31 Onager
52:36 Guard Tower
62:45 Siege Onager
雾鸦
12:04 Feudal Age
15:56 Castle Age
14:07 Double-Bit Axe
15:34 Fletching
15:46 Stone Mining
18:55 Bow Saw
18:27 Horse Collar
19:36 Heavy Plow
19:57 Gold Mining
22:49 Bodkin Arrow
28:00 Gold Shaft Mining
28:04 Stone Shaft Mining
33:32 Imperial Age
33:31 Gold Shaft Mining
33:37 Ballistics
32:51 Pikeman
33:32 Squires
33:21 Arson
37:15 Two-Man Saw
36:13 Loom
37:03 Wheelbarrow
39:26 Chemistry
39:06 Elite War Wagon
39:46 Crossbowman
40:32 Thumb Ring
41:07 Arbalester
43:40 Elite Skirmisher
Connection lost

Rejoining the realm…

Still unreachable

The connection could not be restored.

Session expired

The server has moved on; the page needs a fresh start.